 Dungeon Crawl Stone Soup version 0.18-a0-1778-gadce9fa (webtiles) character file.

557 4thArraOfDagon the Cudgeler (level 7, -18/52 HPs)
             Began as a Formicid Hunter on Apr 16, 2016.
             Hit by a large rock thrown by a cyclops (32 damage)
             ... on level 14 of the Dungeon.
             The game lasted 00:08:32 (1646 turns).

4thArraOfDagon the Cudgeler (Formicid Hunter)       Turns: 1646, Time: 00:08:33

Health: -18/52     AC: 14    Str: 17    XL:     7   Next: 56%
Magic:  7/7        EV:  7    Int: 12    God:
Gold:   90         SH:  0    Dex: 11    Spells: 0 memorised, 6 levels left

rFire  . . .     SeeInvis +     e - +2 mace (protect)
rCold  . . .     Gourm    .     i - +0 chain mail
rNeg   . . .     Faith    .     (no shield)
rPois  .         Spirit   .     (helmet unavailable)
rElec  .         Dismiss  .     (no cloak)
rCorr  .         Reflect  .     c - +0 pair of gloves
SustAt .         Harm     .     (no boots)
MR     .....                    (no amulet)
Stlth  ..........               (no ring)
                                (no ring)

@: not resistant to hostile enchantments, extremely unstealthy
A: permanent stasis, dig shafts and tunnels, four strong arms, antennae 3
a: Dig, Shaft Self


You were on level 14 of the Dungeon.
You were hungry.

You visited 1 branch of the dungeon, and saw 10 of its levels.
You also visited: Ossuary.

You collected 90 gold pieces.

Inventory:

Hand Weapons
 a - a +1 hand crossbow
 b - a +0 short sword
 e - a +2 mace of protection (weapon)
Missiles
 d - 17 bolts
 k - 6 curare-tipped needles
Armour
 c - a +0 pair of gloves (worn)
 i - a +0 chain mail (worn)
Wands
 j - a wand of lightning (9/15)
Scrolls
 f - a scroll of immolation
 h - 2 scrolls of identify
 m - 3 scrolls of remove curse
 n - a scroll of teleportation {unknown}
Comestibles
 g - a chunk of flesh


   Skills:
 - Level 3.2 Fighting
 * Level 6.4 Maces & Flails
 - Level 5.0 Crossbows
 - Level 1.7 Dodging
 - Level 1.2 Stealth


You had 6 spell levels left.
You didn't know any spells.

Dungeon Overview and Level Annotations

Branches:
Dungeon (10/15)
 Temple: D:4-7         Lair: D:8-11         Orc: D:9-12

Altars:
Yredelemnul

Annotations:
D:10 skk's ghost, journeyman DrFi


Innate Abilities, Weirdness & Mutations

You are under a permanent stasis effect.
You can dig through walls and to a lower floor.
Your four strong arms can wield two-handed weapons with a shield.
You have a pair of large antennae on your head (SInv).


Message History

You are too injured to fight recklessly!
Unknown command.
Wield which item (- for none, * to show all)? (? for menu, Esc to quit)
You feel protected!
e - a +2 mace of protection (weapon)
You aren't carrying any potions.
Unknown command.
Read which item? (? for menu, Esc to quit)
Identify which item? (\ to view known items) (? for menu, Esc to quit)
As you read the scroll of identify, it crumbles to dust.
m - 3 scrolls of remove curse The giant frog completely misses you.
A cyclops comes into view.
Unknown command.
A centaur zombie comes into view.
Unknown command.
Unknown command.
The cyclops throws a large rock.
The large rock hits you!!
Ouch! That really hurt!
You die...

<...... {
#"....%.#
........#
#......(#
...C..#####...
###.#........#
#.....#.#
#.F.###.#
#@.Z....#
#..###### ..##
.#.# #.#.# #
#(# #.# #.#


You could see a cyclops, a giant frog and a centaur zombie.

Vanquished Creatures
  5 scorpions (Ossuary)
  A centaur zombie (Ossuary)
  A human zombie (Ossuary)
  A giant frog skeleton (D:5)
  A centaur skeleton (D:10)
  A worker ant (D:10)
  A big kobold zombie (Ossuary)
  3 mummies
  7 scorpion zombies (Ossuary)
  2 adders
  An adder skeleton (D:4)
  A worm (D:2)
  A giant gecko (D:3)
  An orc (D:10)
  A bat (D:3)
  3 giant cockroaches
  A goblin (D:3)
  3 goblin zombies (Ossuary)
  A hobgoblin zombie (Ossuary)
  3 kobolds (D:3)
  2 kobold zombies (Ossuary)
  A rat (D:2)
42 creatures vanquished.

Notes
Turn   | Place    | Note
--------------------------------------------------------------
     0 | D:1      | 4thArraOfDagon the Formicid Hunter began the quest for the Orb.
     0 | D:1      | Reached XP level 1. HP: 16/16 MP: 1/1
     6 | D:1      | You fall through a shaft!
    49 | D:2      | Found a basalt altar of Yredelemnul.
   107 | D:2      | You fall through a shaft for 2 floors!
   125 | D:4      | Reached XP level 2. HP: 12/22 MP: 2/2
   481 | D:3      | Reached skill level 5 in Crossbows
   481 | D:3      | Reached XP level 3. HP: 16/27 MP: 3/3
   524 | D:3      | You fall through a shaft for 3 floors!
   637 | D:6      | Found a sand-covered staircase.
   662 | Ossuary  | Entered an ossuary
   687 | Ossuary  | Reached XP level 4. HP: 30/34 MP: 4/4
   729 | Ossuary  | Reached skill level 1 in Maces & Flails
   829 | Ossuary  | Reached skill level 3 in Maces & Flails
   829 | Ossuary  | Reached XP level 5. HP: 32/41 MP: 5/5
   928 | Ossuary  | Reached skill level 4 in Maces & Flails
   928 | Ossuary  | Reached XP level 6. HP: 25/47 MP: 6/6
  1115 | Ossuary  | Reached skill level 5 in Maces & Flails
  1140 | Ossuary  | Reached XP level 7. HP: 18/52 MP: 7/7
  1340 | Ossuary  | HP: 1/52 [spear trap (26)]
  1394 | D:6      | Mulzaro: ouch
  1420 | D:5      | Entered Level 5 of the Dungeon
  1429 | D:5      | Reached skill level 6 in Maces & Flails
  1488 | D:5      | You fall through a shaft for 3 floors!
  1513 | D:8      | You fall through a shaft for 2 floors!
  1513 | D:10     | Entered Level 10 of the Dungeon
  1625 | D:10     | Noticed skk's ghost (journeyman DrFi)
  1630 | D:10     | Noticed a water moccasin
  1639 | D:10     | You fall through a shaft!
  1639 | D:11     | Noticed a green ugly thing
  1642 | D:11     | You fall through a shaft for 3 floors!
  1645 | D:14     | Noticed a cyclops
  1646 | D:14     | Hit by a large rock thrown by a cyclops

Vault maps used:
D:1:      dpeg_arrival_rhombi, corexii_hall_statues_l
D:2:      yredelemnul_altar_generic
D:4:      lemuel_coloured_pillars_altar, first_bread, uniq_sigmund,
          uniq_duvessa, uniq_pikel
D:5:      nicolae_ru_awakened_eye, minmay_temple_entry_glass, basic_altar,
          makhleb_heckhound_becter
D:6:      serial_shops, shop, gup_ossuary_entry_pyramid, uniq_prince_ribbit1
D:8:      grunt_ogre_cave
D:10:     wad_river_or_something
D:11:     grunt_lair_entry_orc_guard_hut, serial_shops, shop,
          minmay_crystal_water, xom_teletrap_fun
D:14:     bh_walls_and_bars, serial_shops, shop, abandoned_shop, uniq_snorg
Ossuary:  ossuary_minmay_scorpions

Skill      XL: |  1  2  3  4  5  6  7 |
---------------+----------------------+-----
Crossbows      | 5 |  5.0
Maces & Flails | 3 4 5 6 |  6.4
Fighting       | 3 |  3.2
Dodging        | |  1.7
Stealth        | |  1.2

Action                   |  1- 3 |  4- 6 |  7- 9 || total
-------------------------+-------+-------+-------++-------
Melee: Mace              |     3 |   118 |    42 ||   163
 Fire: Hand crossbow     |    55 |    22 |    31 ||   108
 Abil: Shaft Self        |     3 |       |     4 ||     7
       Dig               |     1 |       |     1 ||     2
  Use: Potion            |     2 |     1 |     5 ||     8
       Scroll            |     4 |       |     1 ||     5
 Stab: Invisible         |       |       |     1 ||     1
  Eat: Bread ration      |       |     1 |       ||     1
       Chunk             |       |       |     1 ||     1
Armor: Chain mail        |    21 |    61 |    30 ||   112
Dodge: Dodged            |    14 |    28 |    30 ||    72
